 Dungeon Crawl Stone Soup version 0.18-a0-1800-gdc7a371 (webtiles) character file.

4401 FitzyFitz the Nimble (level 10, -8/58 HPs)
             Began as a Felid Transmuter on Apr 23, 2016.
             Was a Priest of Dithmenos.
             Mangled by a red ugly thing (19 damage)
             ... on level 11 of the Dungeon on Apr 24, 2016.
             The game lasted 04:01:36 (13990 turns).

FitzyFitz the Nimble (Felid Transmuter)            Turns: 13990, Time: 04:01:37

Health: -8/58      AC:  6    Str: 11    XL:     10   Next: 13%
Magic:  12/16      EV: 18    Int: 19    God:    Dithmenos [***...]
Gold:   433        SH:  0    Dex: 16    Spells: 5 memorised, 3 levels left
                                        Lives:  0   Deaths: 2

rFire  x . .     SeeInvis +       - Unarmed
rCold  + + +     Gourm    .     (armour unavailable)
rNeg   . . .     Faith    .     (shield unavailable)
rPois  +         Spirit   .     (helmet unavailable)
rElec  .         Dismiss  .     (cloak unavailable)
rCorr  .         Reflect  .     (gloves unavailable)
SustAt .         Harm     .     (boots unavailable)
MR     +....                    l - amulet of regeneration
Stlth  +++++.....               j - ring of wizardry
                                F - +5 ring of strength

@: ice-form, wreathed by umbra, somewhat resistant to hostile enchantments,
quite stealthy
A: no armour, no weapons or thrown items, (claws 0), (fangs 0), see invisible,
carnivore 3, (speed 0), (shaggy fur 0), slow metabolism 1, (sharp paws)
a: End Transformation, Shadow Step, Renounce Religion


You were on level 11 of the Dungeon.
You worshipped Dithmenos.
Dithmenos was most pleased with you.
You were very full.
You were a creature of crystalline ice.
You visited 4 branches of the dungeon, and saw 15 of its levels.

You collected 733 gold pieces.
You spent 300 gold pieces at shops.

Inventory:

Missiles
 a - 213 arrows
Jewellery
 e - the amulet of Muofanwi {RegenMP rPois Str-5 Dex+4 Stlth+}
   (You acquired it on level 10 of the Dungeon)

   [amulet of magic regeneration]

   It increases your magic regeneration.
   It affects your strength (-5).
   It affects your dexterity (+4).
   It protects you from poison.
   It makes you more stealthy.
 j - a ring of wizardry (right front paw)
 l - an amulet of regeneration (around neck)
 m - an uncursed ring of poison resistance
 s - an uncursed ring of protection from cold
 v - an uncursed ring of sustain attributes
 z - a +5 ring of intelligence
 E - an uncursed ring of protection from magic
 F - a +5 ring of strength (left front paw)
 M - the ring "Luliath Tiet" {*Confuse +Fly rN+ Stlth+}
   (You found it on level 9 of the Dungeon)

   [ring of stealth]

   It protects you from negative energy.
   It lets you fly.
   It may confuse you when you take damage.
   It makes you more stealthy.
Wands
 D - a wand of confusion (15/48)
 H - a wand of confusion (30/48)
 L - a wand of slowing (33/48)
 O - a wand of digging (15/24)
 Q - a wand of polymorph (8/24)
 V - a wand of paralysis (13/24)
 X - a wand of lightning (7/15)
Scrolls
 d - a scroll of amnesia
 g - 2 scrolls of fog
 h - a scroll of magic mapping
 r - a scroll of remove curse
 t - 2 scrolls of recharging {unknown}
 u - 2 scrolls of fear
 C - a scroll of teleportation
Potions
 f - 5 potions of heal wounds
 i - 7 potions of curing
 k - 3 potions of flight
 n - 2 potions of haste
 o - 3 potions of brilliance {unknown}
 w - a potion of cancellation
 x - 2 potions of cure mutation
 A - 2 potions of might {unknown}
 G - a potion of mutation {unknown}
 I - a potion of berserk rage {unknown}
 J - a potion of invisibility {unknown}
Books
 b - a book of Changes

   Spells                             Type                      Level
   a - Beastly Appendage              Transmutation                1
   b - Sticks to Snakes               Transmutation                2
   c - Spider Form                    Transmutation/Poison         3
   d - Ice Form                       Ice/Transmutation            4
   e - Blade Hands                    Transmutation                5
 q - a book of Changes

   Spells                             Type                      Level
   a - Beastly Appendage              Transmutation                1
   b - Sticks to Snakes               Transmutation                2
   c - Spider Form                    Transmutation/Poison         3
   d - Ice Form                       Ice/Transmutation            4
   e - Blade Hands                    Transmutation                5
 U - a book of Callings

   Spells                             Type                      Level
   a - Summon Small Mammal            Summoning                    1
   b - Call Imp                       Summoning                    2
   c - Call Canine Familiar           Summoning                    3
   d - Summon Guardian Golem          Hexes/Summoning              3
   e - Summon Lightning Spire         Summoning/Air                4
   f - Summon Ice Beast               Ice/Summoning                4
Miscellaneous
 N - a box of beasts {used: 3}
Comestibles
 c - 5 meat rations
 p - 6 beef jerkies
 B - a slice of pizza


   Skills:
 - Level 9.3 Fighting
 - Level 13.0 Dodging
 - Level 7.0 Stealth
 - Level 7.0 Unarmed Combat
 + Level 3.8 Spellcasting
 - Level 2.4 Summonings
 + Level 6.1 Transmutations
 - Level 3.1 Ice Magic


You had 3 spell levels left.
You knew the following spells:

 Your Spells              Type           Power        Failure   Level  Hunger
a - Beastly Appendage     Trmt           ####..       1%          1    None
b - Sticks to Snakes      Trmt           ####....     1%          2    ##.....
c - Spider Form           Trmt/Pois      ###.......   4%          3    ###....
d - Ice Form              Ice/Trmt       ###.....     9%          4    ####...
e - Call Canine Familiar  Summ           ##......     7%          3    ###....


Dungeon Overview and Level Annotations

Branches:
Dungeon (11/15)            Temple (1/1) D:5            Lair (2/8) D:10
    Orc (1/2) D:9

Altars:
Ashenzari
Cheibriados
Dithmenos
Elyvilon
Fedhas
Gozag
Kikubaaqudgha
Makhleb
Nemelex Xobeh
Okawaru
Pakellas
Qazlal
Ru
Sif Muna
Trog
Vehumet
Xom
Yredelemnul
Zin
The Shining One

Shops:
D:9 :

Annotations:
Lair:2 Nergalle


Innate Abilities, Weirdness & Mutations

You cannot wear armour.
You are incapable of wielding weapons or throwing items.
((You have sharp claws.))
((You have razor-sharp teeth.))
You have supernaturally acute eyesight.
You are carnivorous and can eat meat at any time.
((You cover ground quickly.))
((You are covered in thick fur (AC +2).))
You have a slow metabolism.
((Your sharp claws are effective at attacking unaware monsters.))


Message History

K - a chunk of flesh Eating a chunk of flesh.
This raw flesh tastes great.
You continue eating. x2
You open the door.
A red ugly thing comes into view.
There is an open door here.
Casting: Ice Form
Confirm with . or Enter, or press ? or * to list all spells.
You turn into a creature of crystalline ice.
You pounce on the unaware helpless red ugly thing!
You punch the red ugly thing! You freeze the red ugly thing.
The red ugly thing is moderately wounded.
The red ugly thing bites you!
You are engulfed in flames!!
The fire burns you terribly!
You hit the red ugly thing. You freeze the red ugly thing.
The red ugly thing is moderately wounded.
The red ugly thing bites you!
* * * LOW HITPOINT WARNING * * *
You are engulfed in flames!!
The fire burns you terribly!
You die...

. #########..
#.......... #..........
#..u....... +..Y.......
#.......... #..........
#############'####.##..
#................### .
#................#
#................#
#................#
#................#


You could see a red ugly thing.

Vanquished Creatures
  A hydra (Lair:1)
  An ugly thing (D:11)
  A spiny frog (Lair:2)
  A centaur skeleton (D:11)
  A two-headed ogre (D:9)
  5 blink frogs
  A wraith (D:10)
  3 yaks (Lair:1)
  A spriggan (D:8)
  A wyvern (D:9)
  A vampire (D:9)
  A basilisk (Lair:2)
  4 water moccasins
  A porcupine (Lair:1)
  3 ice beasts
  3 orc warriors
  2 sky beasts
  3 black bears
  A necrophage (D:11)
  2 phantoms
  7 ogres
  3 centaurs
  A crocodile (Lair:1)
  A big kobold (D:7)
  6 giant frogs
  3 scorpions
  9 wights
  6 killer bees
  2 electric eels (Lair:1)
  3 howler monkeys
  3 crimson imps
  A quasit (D:8)
  3 jellies
  An orc priest (D:10)
  2 hounds
  A giant frog skeleton (D:4)
  7 orc wizards
  5 iguanas
  Natasha (thrice) (D:2)
  A worker ant (D:7)
  A killer bee zombie (D:10)
  A hound zombie (D:7)
  A worker ant zombie (D:8)
  6 adders
  7 gnolls
  A howler monkey skeleton (D:9)
  12 river rats
  A shadow imp (D:7)
  2 oozes
  An adder zombie (D:8)
  2 worms
  2 dart slugs
  3 giant geckos
  20 orcs
  2 bat zombies (D:9)
  3 giant cockroaches
  4 goblins
  9 hobgoblins
  12 jackals
  17 kobolds
  4 quokkas
  A ball python (D:4)
  5 bats
  12 giant newts
  A quokka skeleton (D:6)
  A quokka zombie (D:6)
  5 rats
  2 rat zombies (D:9)
243 creatures vanquished.

Vanquished Creatures (collateral kills)
  A spiny frog (Lair:1)
  A troll (D:11)
  2 orc warriors
  A killer bee (D:10)
  A scorpion (D:6)
  An orc priest (D:8)
  A centaur skeleton (D:8)
  Jessica (D:5)
  A worker ant (D:4)
  An adder (D:5)
  3 orcs
  A jackal (D:5)
  A ball python (D:6)
  A goblin (D:5)
17 creatures vanquished.

Vanquished Creatures (others)
  A giant cockroach (D:2)
  A plant (Lair:1)
2 creatures vanquished.

Grand Total: 262 creatures vanquished

Notes
Turn   | Place    | Note
--------------------------------------------------------------
     0 | D:1      | FitzyFitz the Felid Transmuter began the quest for the Orb.
     0 | D:1      | Reached XP level 1. HP: 9/9 MP: 4/4
    64 | D:1      | Reached skill level 3 in Dodging
   394 | D:1      | Reached XP level 2. HP: 1/12 MP: 4/6
  1173 | D:1      | Reached XP level 3. HP: 10/15 MP: 5/7
  1263 | D:1      | Learned a level 2 spell: Sticks to Snakes
  1273 | D:1      | Learned a level 3 spell: Spider Form
  1577 | D:1      | Reached skill level 4 in Dodging
  1597 | D:1      | Reached skill level 1 in Stealth
  2135 | D:2      | Reached XP level 4. HP: 19/19 MP: 4/8
  2205 | D:2      | Found a glowing silver altar of Zin.
  2206 | D:2      | Noticed an angel
  2236 | D:2      | Found a shimmering altar of Xom.
  2276 | D:2      | Noticed Natasha
  2281 | D:2      | Killed Natasha
  2351 | D:2      | Found a blossoming altar of Fedhas.
  2369 | D:2      | Found an iron altar of Okawaru.
  2378 | D:2      | Noticed Natasha
  2430 | D:2      | Killed Natasha
  2668 | D:2      | Reached XP level 5. HP: 22/22 MP: 3/9
  2740 | D:2      | Noticed Natasha
  2747 | D:2      | Killed Natasha
  2777 | D:2      | Found a burning altar of Makhleb.
  2809 | D:2      | Found a sacrificial altar of Ru.
  3431 | D:3      | Found a sparkling altar of Nemelex Xobeh.
  3994 | D:3      | Learned a level 4 spell: Ice Form
  4156 | D:4      | Reached skill level 1 in Ice Magic
  4156 | D:4      | Gained mutation: You are covered in thick fur (AC +2). [Felid growth]
  4156 | D:4      | Reached XP level 6. HP: 26/27 MP: 7/11
  4531 | D:4      | Reached skill level 5 in Transmutations
  4531 | D:4      | Reached XP level 7. HP: 30/30 MP: 8/12
  5179 | D:5      | Entered Level 5 of the Dungeon
  5287 | D:5      | Found a radiant altar of Vehumet.
  5397 | D:5      | Noticed Jessica
  5471 | D:5      | Found a staircase to the Ecumenical Temple.
  5532 | Temple   | Entered the Ecumenical Temple
  5660 | Temple   | Became a worshipper of Dithmenos the Shadowed
  5997 | D:5      | Reached skill level 5 in Fighting
  6547 | D:5      | Reached skill level 5 in Dodging
  6547 | D:5      | Reached XP level 8. HP: 37/37 MP: 1/13
  6717 | D:5      | Killed Jessica
  6914 | D:6      | Reached skill level 6 in Dodging
  7068 | D:6      | Reached skill level 7 in Dodging
  7428 | D:7      | Reached skill level 8 in Dodging
  7489 | D:7      | Found a shimmering altar of Xom.
  7489 | D:7      | Found a shimmering altar of Xom.
  7797 | D:7      | Reached skill level 9 in Dodging
  7959 | D:7      | Reached * piety under Dithmenos
  8065 | D:7      | Reached skill level 10 in Dodging
  8280 | D:7      | Reached XP level 9. HP: 40/40 MP: 10/14
  8550 | D:7      | Found a shimmering altar of Xom.
  8551 | D:7      | Found a shimmering altar of Xom.
  8610 | D:7      | Reached skill level 11 in Dodging
  8955 | D:8      | Reached skill level 12 in Dodging
  9183 | D:8      | Reached ** piety under Dithmenos
  9284 | D:8      | Reached skill level 13 in Dodging
  9302 | D:9      | Found a staircase to the Orcish Mines.
  9434 | D:9      | Found a shattered altar of Ashenzari.
  9461 | D:9      | Reached skill level 5 in Stealth
  9573 | D:9      | Found an ancient bone altar of Kikubaaqudgha.
  9669 | D:9      | Found a glowing golden altar of the Shining One.
  9809 | D:9      | Found Ihorr's Book Shop.
  9853 | D:9      | Reached XP level 10. HP: 42/44 MP: 12/15
  9858 | D:9      | Found a deep blue altar of Sif Muna.
 10042 | D:9      | Reached skill level 5 in Unarmed Combat
 10189 | D:9      | Got a shimmering golden ring
 10350 | D:10     | Entered Level 10 of the Dungeon
 10943 | D:10     | Found a staircase to the Lair.
 11089 | D:10     | Reached *** piety under Dithmenos
 11298 | D:11     | Noticed a red ugly thing
 11319 | D:11     | Killed a red ugly thing
 11325 | D:11     | Noticed a hill giant
 11409 | Lair:1   | Entered Level 1 of the Lair of Beasts
 11924 | Lair:1   | HP: 2/48 [yak (5)]
 11925 | Lair:1   | Mangled by a basilisk
 11926 | Lair:1   | Reached XP level 9. HP: -7/44 MP: 6/14
 11942 | Lair:1   | Noticed a spiny frog
 12277 | Lair:1   | Noticed a five-headed hydra
 12290 | Lair:1   | Slain by a five-headed hydra
 12291 | Lair:1   | Reached XP level 8. HP: -1/49 MP: 7/13
 12328 | Lair:1   | Killed a five-headed hydra
 12328 | Lair:1   | Reached XP level 9. HP: 8/45 MP: 6/14
 12424 | Lair:1   | Killed a spiny frog
 12766 | Orc:1    | Entered Level 1 of the Orcish Mines
 12766 | Orc:1    | Noticed an orc high priest
 12851 | D:9      | Bought a book of Callings for 300 gold pieces
 12855 | D:9      | Learned a level 3 spell: Call Canine Familiar
 13048 | Lair:2   | Reached skill level 1 in Summonings
 13272 | Lair:2   | Noticed Nergalle
 13453 | Lair:2   | Noticed a spiny frog
 13462 | Lair:2   | Killed a spiny frog
 13462 | Lair:2   | Reached XP level 10. HP: 49/49 MP: 10/16
 13542 | Lair:1   | Identified the ring "Luliath Tiet" {*Confuse +Fly rN+ Stlth+} (You found it on level 9 of the Dungeon)
 13600 | D:10     | Identified a scroll of acquirement
 13601 | D:10     | Got a flickering sapphire amulet
 13603 | D:10     | Identified the amulet of Muofanwi {RegenMP rPois Str-5 Dex+4 Stlth+} (You acquired it on level 10 of the Dungeon)
 13982 | D:11     | Noticed a red ugly thing
 13990 | D:11     | Mangled by a red ugly thing

Vault maps used:
D:1:      tarquinn_simple_flora_water_d, minmay_lizard_king
D:2:      grunt_temple_overflow_order_and_chaos_1,
          nicolae_overflow_hidden_temple, fedhas_altar_1,
          nicolae_ru_the_path_less_chosen, uniq_natasha
D:3:      lemuel_round_altar, first_bread, grunt_ministairs_15,
          minmay_misc_feat_room
D:5:      vehumet_altar_wand_db, tgw_sif, minmay_temple_entry_glass,
          bh_walls_and_bars
D:7:      st_stairs_8, xom_shifter_show
D:8:      the_bakery
D:9:      kennysheep_orc_sif_temple, tso_altar, ashenzari_altar_1,
          lemuel_zombie_altar_kikubaaqudgha, serial_shops, shop, hex_large,
          billiards_dpeg
D:10:     lair_0_dummy
D:11:     onia_ninara_cookie
Temple:   minmay_temple_curvy_8
Lair:1:   minmay_holes
Lair:2:   grunt_megastairs_1, uniq_nergalle, uniq_erica
Orc:1:    uniq_fannar, uniq_erolcha

Skill      XL: |  1  2  3  4  5  6  7  8  9 10 |
---------------+-------------------------------+-----
Dodging        | 3 4 5 10 13 | 13.0
Stealth        | 1 2 3 7 |  7.0
Fighting       | 2 5 9 8 |  9.3
Transmutations | 4 5 6 |  6.1
Spellcasting   | 3 |  3.8
Ice Magic      | 1 2 3 |  3.1
Unarmed Combat | 4 7 |  7.0
Summonings     | 2 |  2.4

Action                   |  1- 3 |  4- 6 |  7- 9 | 10-12 || total
-------------------------+-------+-------+-------+-------++-------
Melee: Unarmed           |    94 |   118 |   426 |   244 ||   882
       Bite              |    11 |     3 |     5 |     2 ||    21
       Headbutt          |     6 |     3 |       |       ||     9
       Punch             |     1 |     3 |       |       ||     4
 Cast: Beastly Appendage |    19 |     2 |     2 |       ||    23
       Spider Form       |     3 |    16 |    27 |    12 ||    58
       Sticks to Snakes  |       |     6 |    52 |    13 ||    71
       Ice Form          |       |       |    25 |    12 ||    37
       Call Canine Famil |       |       |     2 |     2 ||     4
 Abil: End Transformatio |       |       |       |     1 ||     1
Evoke: Wand              |       |       |     6 |       ||     6
       Box of beasts     |       |       |     3 |       ||     3
  Use: Scroll            |       |       |    13 |    12 ||    25
       Potion            |       |       |       |     2 ||     2
 Stab: Sleeping          |     1 |     6 |    18 |     8 ||    33
       Distracted        |       |     1 |     1 |     1 ||     3
  Eat: Chunk             |     9 |     8 |    30 |     9 ||    56
Armor: Skin              |     1 |     5 |    22 |     6 ||    34
Dodge: Dodged            |    65 |   102 |   460 |   220 ||   847
